 Dungeon Crawl Stone Soup version 0.30-a0-122-g2a1322497e (webtiles) character file.

Game seed: 4335345159636717181

2114 Decritt the Nimble (level 9, 0/47 HPs)
             Began as a Spriggan Hunter on Sept 17, 2022.
             Was an Initiate of Fedhas.
             Slain by a killer bee (2 damage)
             ... on level 5 of the Dungeon.
             The game lasted 00:13:01 (7356 turns).

Decritt the Nimble (Spriggan Hunter)                Turns: 7356, Time: 00:13:02

Health: 0/47       AC:  5    Str:  7    XL:     9   Next: 8%
Magic:  10/10      EV: 25    Int: 10    God:    Fedhas [......]
Gold:   284        SH:  0    Dex: 23    Spells: 8/8 levels left

rFire   . . .      SeeInvis +    y - +4 flail
rCold   . . .      Faith    .    (no shield)
rNeg    . . .      Spirit   .    s - +2 robe {Will+}
rPois   .          Reflect  .    (helmet restricted)
rElec   .          Harm     .    z - +0 cloak
rCorr   +          Rampage  .    (gloves unavailable)
Will    +....                    (boots unavailable)
Stlth   ++++......               k - amulet of the acrobat
HPRegen 0.15/turn                o - ring of resist corrosion
MPRegen 0.12/turn                (no ring)

@: lethally poisoned (0 -> -5), weak-willed, very quick
A: very small, no large weapons, unfitting armour, see invisible, speed 3
a: Renounce Religion


You were on level 5 of the Dungeon.
You worshipped Fedhas.
Fedhas was noncommittal.
You visited 2 branches of the dungeon, and saw 7 of its levels.

You collected 284 gold pieces.

Inventory:

Hand Weapons
 a - a +0 vorpal shortbow
 y - a +4 flail (weapon)
Armour
 c - a +0 robe
 s - a +2 robe of willpower (worn)
 z - a +0 cloak (worn)
Jewellery
 k - an amulet of the acrobat (around neck)
 o - a ring of resist corrosion (left hand)
Wands
 v - a wand of paralysis (11)
 x - a wand of digging (5)
Scrolls
 b - 2 scrolls of immolation
 l - 3 scrolls of teleportation
 n - a scroll of poison
Potions
 d - 2 potions of heal wounds
 e - a potion of curing
 f - 2 potions of magic {unknown}
 g - a potion of might {unknown}
 h - 2 potions of degeneration
 i - a potion of haste {unknown}
 j - a potion of attraction {unknown}
 t - a potion of mutation {unknown}
 u - a potion of flight {unknown}
 A - a potion of invisibility {unknown}


   Skills:
 * Level 5.5 Fighting
 * Level 7.6 Ranged Weapons
 * Level 8.7 Dodging
 + Level 7.3 Stealth


You had 8 spell levels left.
You didn't know any spells.
Your spell library contained the following spells:

 Spells                   Type           Power      Damage    Failure   Level
 Scorch                   Fire           0%         2d5       50%         2
 Flame Wave               Conj/Fire      0%         2d4       98%         4
 Summon Cactus Giant      Summ           0%         N/A       100%        6


Dungeon Overview and Level Annotations

Branches:
Dungeon (6/15)             Temple (1/1) D:5

Altars:
Ashenzari
Cheibriados
Dithmenos
Fedhas
Gozag
Hepliaklqana
Kikubaaqudgha
Makhleb
Nemelex Xobeh
Okawaru
Qazlal
Sif Muna
Trog
Uskayaw
Vehumet
Xom
Yredelemnul
Zin
The Shining One


Innate Abilities, Weirdness & Mutations

You are very small and have problems with some larger weapons.
You are too small for most types of armour.
You have supernaturally acute eyesight. (SInv)
You cover ground extremely quickly. (Speed+++)


Message History

The killer bee poisons you!
You shoot an arrow. The arrow misses the killer bee.
The arrow hits the killer bee.
The killer bee is lightly wounded.
You feel very sick. The killer bee closely misses you.
The killer bee completely misses you. The killer bee misses you.
The killer bee completely misses you.
You shoot an arrow. The arrow hits the killer bee!
The killer bee is almost dead.
You feel very sick. The killer bee barely misses you.
The killer bee misses you.
The killer bee completely misses you. x2
You shoot an arrow.
The arrow barely misses the killer bee. x2; You feel sick.
The killer bee completely misses you. The killer bee stings you.
* * * LOW HITPOINT WARNING * * *
You are lethally poisoned!
The killer bee poisons you! The killer bee completely misses you.
The killer bee stings you.
* * * LOW HITPOINT WARNING * * *
You feel better. The killer bee stings you.
* * * LOW HITPOINT WARNING * * *
You are poisoned.
The killer bee poisons you! The killer bee completely misses you.
The killer bee misses you. The killer bee completely misses you.
y - a +4 flail (weapon)
You feel sick. The killer bee completely misses you. The killer bee stings you.
* * * LOW HITPOINT WARNING * * *
You are too injured to fight recklessly!
You are too injured to fight recklessly!
You are too injured to fight recklessly!
You sock the killer bee!
You kill the killer bee!
Fedhas appreciates your contribution to the ecosystem.
* * * LOW HITPOINT WARNING * * *
You feel sick. The killer bee barely misses you. x2
The killer bee stings you.
* * * LOW HITPOINT WARNING * * *
The killer bee completely misses you. The killer bee stings you.
You die...
Fedhas appreciates your contribution to the ecosystem.

........##...........#.#
...#...........#.#...#.#
...#.#.......#.#.>.###.#
...#.#.#...#.#.#.### #.#
...#.#.#.#.#.#.#.# #.#
##.#.#.#.#.#.#.#.# #.#
##.#.#.#...#.#.#.#####.#
##.#.#.......#.#yy.....#
#..#...........#@#######
.................#
##################


You could see 2 killer bees.

Vanquished Creatures
  Pikel (D:3)
  Edmund (D:4)
  A water moccasin (D:5)
  An ice beast (D:5)
  A black bear (D:4)
  2 ogres
  A centaur (D:5)
  3 scorpions
  3 wights (D:5)
  3 killer bees (D:5)
  3 hounds
  2 jellies (D:5)
  3 orc priests (D:5)
  Ijyb (D:5)
  3 iguanas
  2 orc wizards
  6 gnolls
  6 adders
  An ufetubus (D:5)
  2 dart slugs
  11 orcs
  7 endoplasms
  3 giant cockroaches
  8 goblins
  6 hobgoblins
  3 quokkas
  5 ball pythons
  5 bats
  7 frilled lizards
  8 kobolds
  6 rats
115 creatures vanquished.

Notes
Turn   | Place    | Note
-------+----------+-------------------------------------------
     0 | D:1      | Decritt the Spriggan Hunter began the quest for the Orb.
     0 | D:1      | Reached XP level 1. HP: 10/10 MP: 2/2
   162 | D:1      | Reached skill level 3 in Dodging
   190 | D:1      | Reached XP level 2. HP: 15/15 MP: 3/3
   577 | D:2      | Reached XP level 3. HP: 18/18 MP: 4/4
   604 | D:2      | Identified the +3 dagger of the Volcano {flame, Int+5
                  | Dex+4}
  1145 | D:3      | Reached XP level 4. HP: 23/23 MP: 5/5
  1409 | D:3      | Found a basalt altar of Yredelemnul.
  1744 | D:3      | Reached skill level 4 in Dodging
  2311 | D:3      | Found a faded altar of an unknown god.
  2713 | D:4      | Noticed an ogre
  2715 | D:4      | Noticed Pikel
  2717 | D:4      | Noticed a lemure
  2727 | D:4      | Killed an ogre
  2728 | D:4      | Reached XP level 5. HP: 28/28 MP: 6/6
  2936 | D:4      | Noticed a lemure
  3091 | D:3      | Killed Pikel
  3092 | D:3      | Reached skill level 5 in Ranged Weapons
  3092 | D:3      | Reached skill level 6 in Dodging
  3092 | D:3      | Reached skill level 5 in Stealth
  3092 | D:3      | Reached XP level 6. HP: 17/33 MP: 7/7
  3092 | D:3      | Reached XP level 7. HP: 19/37 MP: 8/8
  3426 | D:4      | Noticed Edmund
  3530 | D:4      | Killed Edmund
  3778 | D:4      | Reached XP level 8. HP: 42/42 MP: 9/9
  3839 | D:4      | Reached skill level 7 in Dodging
  3882 | D:4      | Found a shimmering blue altar of Sif Muna.
  4058 | D:5      | Entered Level 5 of the Dungeon
  4351 | D:5      | Found a basalt altar of Yredelemnul.
  4433 | D:5      | Found a sparkling altar of Nemelex Xobeh.
  4531 | D:5      | Noticed Ijyb
  4574 | D:5      | Killed Ijyb
  5330 | D:5      | Found a stormy altar of Qazlal.
  5882 | D:5      | Reached skill level 5 in Fighting
  5899 | D:5      | Reached skill level 8 in Dodging
  6210 | D:5      | Found a staircase to the Ecumenical Temple.
  6219 | Temple   | Entered the Ecumenical Temple
  6516 | Temple   | Became a worshipper of Fedhas Madash
  6958 | D:5      | Reached XP level 9. HP: 20/47 MP: 10/10
  6978 | D:5      | HP: 2/47 [killer bee (7)]
  7356 | D:5      | HP: 2/47 [killer bee (4)]
  7356 | D:5      | Slain by a killer bee

Illustrated notes

Levels and vault maps discovered:
D:1:      dpeg_arrival_round_a, layout_basic
D:2:      layout_rooms
D:3:      layout_basic, mainiacjoe_overflow_brackets, basic_ecumenical_altar,
          grunt_ministairs_5, minmay_liquid_box, st_stairs_1
D:4:      layout_rooms, nicolae_sif_muna_condensation, uniq_edmund, uniq_pikel
D:5:      layout_basic, nemelex_spade_bored_becter,
          minmay_temple_entry_drinking_statues, minmay_misc_feat_more_columns,
          hangedman_feature_mirror, uniq_ijyb
D:6:      layout_layer_cave, uniq_duvessa
Temple:   minmay_temple_bridge_d

Skill      XL: |  1  2  3  4  5  6  7  8 |
---------------+-------------------------+-----
Dodging        | 3 4 6 8 |  8.7
Stealth        | 2 3 5 7 |  7.3
Fighting       | 2 3 4 5 |  5.5
Ranged Weapons | 5 6 7 |  7.6

Action                   |  1- 3 |  4- 6 |  7- 9 || total
-------------------------+-------+-------+-------++-------
Melee: Flail             |       |       |     7 ||     7
 Fire: Shortbow          |    93 |    88 |   318 ||   499
  Use: Potion            |       |     1 |     5 ||     6
       Scroll            |       |     1 |     7 ||     8
Armor: Robe              |     3 |     7 |    15 ||    25
Dodge: Dodged            |    13 |    20 |   236 ||   269

Table legend: (Time is in decaauts)
 A = Elapsed time spent in this place.
 B = Non-inter-level travel time spent in this place.
 C = Inter-level travel time spent in this place.
 D = Time resting spent in this place.
 E = Time spent auto-exploring this place.
 F = Levels seen in this place.
 G = Mean time per level.
                   A        B        C        D        E       F      G
               +--------+--------+--------+--------+--------+-----+--------+
         Total |   6036 |   5864 |    172 |   2742 |   1936 |   7 |  862.3 |
       Dungeon |   5813 |   5729 |     84 |   2742 |   1808 |   6 |  968.8 |
        Temple |    223 |    135 |     88 |      0 |    127 |   1 |  223.0 |
               +--------+--------+--------+--------+--------+-----+--------+

Top non-repeatable levels by time:
     D:5: 1768 daAuts
     D:3: 1604 daAuts
     D:4: 1427 daAuts
     D:2: 615 daAuts
     D:1: 381 daAuts
  Temple: 223 daAuts
     D:6: 15 daAuts
